 Dungeon Crawl Stone Soup version 0.29-a0-791-ga0f254aafb (webtiles) character file.

Game seed: 2645193707895685657

2644 HessuHobo the Fighter (level 9, -5/84 HPs)
             Began as a Minotaur Fighter on July 3, 2022.
             Was a Follower of the Shining One.
             Slain by an orc knight
             ... wielding a +0 war axe
              (26 damage)
             ... on level 7 of the Dungeon.
             The game lasted 00:07:31 (6903 turns).

HessuHobo the Fighter (Minotaur Fighter)            Turns: 6903, Time: 00:07:31

Health: -5/84      AC: 17    Str: 30    XL:     9   Next: 35%
Magic:  5/8        EV:  7    Int:  5    God:    the Shining One [*.....]
Gold:   284        SH: 16    Dex: 13    Spells: 8/8 levels left

rFire   . . .      SeeInvis .   P - +0 broad axe
rCold   + . .      Faith    .   c - +0 buckler
rNeg    . . .      Spirit   .   p - +0 plate armour
rPois   .          Reflect  +   (helmet restricted)
rElec   .          Harm     .   (no cloak)
rCorr   +          Rampage  .   K - +0 pair of gloves
Will    .....                   b - +0 pair of boots
Stlth   ..........              u - amulet of reflection
HPRegen 0.24/turn               j - +6 ring of dexterity
MPRegen 0.11/turn               L - ring of Uhoip {rC+ rCorr Str+5 Dex-3 Stlth+}

@: divinely shielded, about to teleport, glowing
A: horns 2, retaliatory headbutt
a: Renounce Religion, Divine Shield


You were on level 7 of the Dungeon.
You worshipped the Shining One.
The Shining One was aware of your devotion.
You visited 2 branches of the dungeon, and saw 8 of its levels.
You also visited: Bailey.

You collected 284 gold pieces.

Inventory:

Hand Weapons
 a - a +0 war axe
 P - a +0 broad axe (weapon)
Armour
 b - a +0 pair of boots (worn)
 c - a +0 buckler (worn)
 p - a +0 plate armour (worn)
 I - the +1 leather armour of the Robin {rN+ SInv}
   (You found it on level 5 of the Dungeon)

   rN:        It protects you from negative energy.
   SInv:      It lets you see invisible.
 K - a +0 pair of gloves (worn)
Jewellery
 j - a +6 ring of dexterity (left hand)
 u - an amulet of reflection (around neck)
 x - a ring of magical power
 F - a ring of resist corrosion
 L - the ring of Uhoip (right hand) {rC+ rCorr Str+5 Dex-3 Stlth+}
   (You found it on level 6 of the Dungeon)

   [ring of protection from cold]

   Str:       It affects your strength (+5).
   Dex:       It affects your dexterity (-3).
   rC:        It protects you from cold.
   rCorr:     It protects you from acid and corrosion.
   Stlth:     It makes you more stealthy.
Wands
 B - a wand of polymorph (7)
 G - a wand of acid (5)
 N - a wand of flame (46)
Scrolls
 e - a scroll of fear {unknown}
 f - 6 scrolls of blinking {unknown}
 i - a scroll of enchant weapon {unknown}
 k - 2 scrolls of teleportation
 m - 3 scrolls of amnesia {unknown}
 n - 3 scrolls of fog {unknown}
 o - 7 scrolls of identify {unknown}
 r - 2 scrolls of poison {unknown}
 t - 2 scrolls of noise {unknown}
 v - a scroll of magic mapping {unknown}
 w - 2 scrolls of acquirement {unknown}
 y - a scroll of vulnerability {unknown}
 J - 2 scrolls of immolation {unknown}
 M - a scroll of enchant armour {unknown}
 O - a scroll of torment {unknown}
Potions
 d - a potion of might
 g - 6 potions of curing {unknown}
 h - a potion of heal wounds {unknown}
 l - 3 potions of mutation {unknown}
 q - 6 potions of lignification {unknown}
 s - 4 potions of cancellation {unknown}
 z - a potion of magic {unknown}
 A - 3 potions of haste
 C - 2 potions of berserk rage {unknown}
 D - a potion of brilliance {unknown}
 E - 2 potions of ambrosia {unknown}
 H - 2 potions of flight {unknown}
Miscellaneous
 Q - a condenser vane


   Skills:
 + Level 9.6 Fighting
 + Level 9.2 Axes
 + Level 9.6 Armour
 - Level 3.6 Shields


You had 8 spell levels left.
You didn't know any spells.
Your spell library contained the following spells:

 Spells                   Type           Power      Damage    Failure   Level
 Slow                     Hex            0%         N/A       99%         1
 Sublimation of Blood     Necr           0%         N/A       100%        2
 Wereblood                Tmut           0%         N/A       100%        2
 Summon Guardian Golem    Hex/Summ       0%         N/A       100%        3
 Olgreb's Toxic Radiance  Pois           0%         N/A       100%        4
 Orb of Destruction       Conj           0%         9d5       100%        7
 Ozocubu's Refrigeration  Ice            0%         4d5       100%        7
 Spellforged Servitor     Conj/Summ      0%         N/A       100%        7
 Summon Hydra             Summ           0%         N/A       100%        7
 Ignition                 Fire           0%         3d3       100%        8


Dungeon Overview and Level Annotations

Branches:
Dungeon (7/15)             Temple (1/1) D:4          Bailey (visited)

Altars:
Ashenzari
Cheibriados
Dithmenos
Elyvilon
Fedhas
Gozag
Hepliaklqana
Kikubaaqudgha
Makhleb
Nemelex Xobeh
Okawaru
Qazlal
Ru
Sif Muna
Trog
Uskayaw
Vehumet
Wu Jian
Xom
Yredelemnul
Zin
The Shining One

Shops:
D:7 *


Innate Abilities, Weirdness & Mutations

You have a pair of horns on your head.
You reflexively headbutt those who attack you in melee.


Message History

The orc knight roars a battlecry!
You feel sick.
There is a gate leading back out of this place here.
You feel sick.
You feel sick.
The orc knight roars a battlecry!
The orc knight goes into a battle-frenzy!
You feel sick.
You feel sick.
You are no longer poisoned.
A kobold brigand comes into view.
It is wielding a +0 war axe and quivering poisoned darts.
You slice the kobold brigand!!
The kobold brigand is almost dead.
The kobold brigand completely misses you.
You hit the kobold brigand.
You kill the kobold brigand!
An orc warrior comes into view. It is wielding a +0 war axe.
You slice the kobold brigand!!
Your headbutt misses the kobold brigand.
The kobold brigand is severely wounded.
The kobold brigand barely misses you.
Your shield is strengthened by the Shining One's divine power.
You block the kobold brigand's attack.
You slash the orc knight! Your headbutt misses the orc knight.
The orc knight is lightly wounded.
You slash the kobold brigand!
You kill the kobold brigand!
You block the orc knight's attack.
The orc knight hits you with a +0 broad axe!!
The orc knight hits you with a +0 war axe!
You block the orc warrior's attack.
You hear a shout!
Welcome back to the Dungeon!
There is an empty arch of ancient stone here.
As you read the scroll of teleportation, it crumbles to dust.
You feel strangely unstable.
The orc warrior hits you with a +0 war axe!
* * * LOW HITPOINT WARNING * * *
The orc knight hits you with a +0 war axe!!
You die...

############
###..........#
#............#
#.≈≈≈≈≈≈≈≈≈..#
#.≈#######≈..#
#.≈#@o..>#≈..########
#.≈#oo...#≈..........
#.≈##'''##≈..#.....##
#.≈≈≈≈(≈≈≈≈....##.##
#.≈≈≈(≈≈≈≈≈....##.#
#....)......##.##.##
#..######.#.###.###.##
#.## #.#.# #.# #...
... #.#. #.###...


You could see 2 orc knights and an orc warrior (strong).

Vanquished Creatures
  Grinder (D:4)
  Sigmund (D:4)
  Edmund (D:4)
  2 water moccasins
  An orc warrior (Bailey)
  A sky beast (D:6)
  An ice beast (D:6)
  An ogre (D:6)
  3 centaurs (D:7)
  6 kobold brigands
  Blork the orc (D:4)
  4 scorpions
  A wight (D:7)
  3 hounds
  An orc priest (D:7)
  2 jellies
  3 iguanas
  3 orc wizards
  Ijyb (D:4)
  Robin (D:4)
  6 gnolls
  10 adders
  2 shadow imps
  An ufetubus (D:5)
  A worm (D:5)
  3 dart slugs
  11 orcs
  3 bats
  14 endoplasms
  6 giant cockroaches
  19 goblins
  11 hobgoblins
  21 kobolds
  4 quokkas
  5 ball pythons
  3 frilled lizards
  5 rats
163 creatures vanquished.

Vanquished Creatures (others)
  A kobold (D:7)
1 creature vanquished.

Grand Total: 164 creatures vanquished

Notes
Turn   | Place    | Note
-------+----------+-------------------------------------------
     0 | D:1      | HessuHobo the Minotaur Fighter began the quest for the Orb.
     0 | D:1      | Reached XP level 1. HP: 19/19 MP: 0/0
   170 | D:1      | Reached XP level 2. HP: 27/27 MP: 1/1
   185 | D:1      | Found a faded altar of an unknown god.
   262 | D:1      | Got Plato's Grimoire of Curses
   535 | D:1      | You fall into a shaft and drop 1 floor!
   993 | D:1      | Reached XP level 3. HP: 25/33 MP: 2/2
  1468 | D:2      | Reached XP level 4. HP: 33/41 MP: 3/3
  2165 | D:3      | Reached skill level 5 in Fighting
  2165 | D:3      | Reached XP level 5. HP: 48/48 MP: 4/4
  2242 | D:3      | Reached skill level 5 in Armour
  2679 | D:4      | Found a staircase to the Ecumenical Temple.
  2685 | Temple   | Entered the Ecumenical Temple
  2950 | Temple   | Became a worshipper of the Shining One
  3031 | D:4      | Found a blossoming altar of Fedhas.
  3036 | D:4      | Noticed Edmund
  3053 | D:4      | Killed Edmund
  3054 | D:4      | Reached XP level 6. HP: 11/56 MP: 5/5
  3330 | D:4      | Reached skill level 5 in Axes
  3535 | D:4      | Noticed Ijyb
  3644 | D:4      | Killed Ijyb
  3668 | D:5      | Entered Level 5 of the Dungeon
  3752 | D:4      | Noticed Blork the orc
  3770 | D:4      | Killed Blork the orc
  4062 | D:4      | Noticed Robin
  4087 | D:4      | Killed Robin
  4116 | D:4      | Reached XP level 7. HP: 64/64 MP: 6/6
  4344 | D:4      | Noticed Grinder
  4344 | D:4      | Noticed Sigmund
  4351 | D:4      | Killed Grinder
  4353 | D:4      | Killed Sigmund
  4911 | D:5      | Reached XP level 8. HP: 71/73 MP: 7/7
  5254 | D:5      | Identified the +1 helmet of the Devil's Team {Int+3 Dex+2}
  5293 | D:5      | Reached * piety under the Shining One
  5540 | D:5      | Identified the +1 leather armour of the Robin {rN+ SInv}
  5774 | D:6      | Identified the ring of Uhoip {rC+ rCorr Str+5 Dex-3 Stlth+}
  6266 | D:7      | Found Hausoxie's Humungous Hoard.
  6351 | D:7      | Reached XP level 9. HP: 83/83 MP: 8/8
  6414 | D:7      | Identified the +2 robe of Lugonu's Fury {rCorr Str+4
                  | Stlth+}
  6586 | D:7      | Found a flagged portal.
  6601 | Bailey   | Entered a bailey
  6889 | Bailey   | Noticed an orc knight
  6889 | Bailey   | Noticed an orc knight
  6903 | D:7      | Slain by an orc knight

Illustrated notes

Levels and vault maps discovered:
D:1:      spicycebolla_arrival_clurvy, layout_loops_ring,
          shapermc_ecumenical_altar_rom_forum, kennysheep_another_room,
          chequers_serial_rivers_micro_b, minmay_quantized
D:2:      layout_rooms
D:3:      minmay_spotlight, layout_basic
D:4:      layout_basic, mainiacjoe_overflow_24_doors, temple_doors_e,
          wad_rectangle_vault, uniq_robin, uniq_edmund, uniq_ijyb,
          uniq_blork_the_orc, uniq_grinder, uniq_sigmund
D:5:      layout_loops_corners, st_stairs_5
D:6:      layout_basic
D:7:      layout_loops_ring, serial_shops, shop, enter_bailey_4,
          nicolae_alphabet_shops, ldierk_geyser, chequers_serial_rivers_room_a,
          minivault_25, chequers_serial_rivers_small_3, minmay_microvault
Temple:   nicolae_temple_the_god_donut

Skill      XL: |  1  2  3  4  5  6  7  8  9 |
---------------+----------------------------+-----
Fighting       | 4 5 6 7 9 |  9.6
Armour         | 4 5 6 7 9 |  9.6
Axes           | 3 4 5 6 8 9 |  9.2
Shields        | |  3.6

Action                   |  1- 3 |  4- 6 |  7- 9 || total
-------------------------+-------+-------+-------++-------
Melee: War axe           |    73 |   125 |   148 ||   346
       Headbutt          |    11 |    18 |    34 ||    63
       Unarmed           |       |    19 |       ||    19
       Broad axe         |       |       |     4 ||     4
Invok: Divine Shield     |       |       |     1 ||     1
  Use: Scroll            |       |     1 |     1 ||     2
Armor: Scale mail        |     9 |       |       ||     9
       Plate armour      |    14 |    50 |    73 ||   137
       Skin              |       |    10 |       ||    10
Dodge: Dodged            |    33 |    37 |    37 ||   107
Block: Buckler           |    15 |    69 |    78 ||   162
       Reflection        |       |     4 |    16 ||    20

Table legend: (Time is in decaauts)
 A = Elapsed time spent in this place.
 B = Non-inter-level travel time spent in this place.
 C = Inter-level travel time spent in this place.
 D = Time resting spent in this place.
 E = Time spent auto-exploring this place.
 F = Levels seen in this place.
 G = Mean time per level.
                   A        B        C        D        E       F      G
               +--------+--------+--------+--------+--------+-----+--------+
         Total |   6982 |   6714 |    268 |   1474 |   4085 |   9 |  775.8 |
       Dungeon |   6395 |   6166 |    229 |   1308 |   3865 |   7 |  913.6 |
        Temple |    277 |    238 |     39 |      0 |    220 |   1 |  277.0 |
        Bailey |    308 |    308 |      0 |    166 |      0 |   1 |  308.0 |
               +--------+--------+--------+--------+--------+-----+--------+

Top non-repeatable levels by time:
     D:4: 1735 daAuts
     D:1: 1267 daAuts
     D:5: 919 daAuts
     D:3: 808 daAuts
     D:6: 660 daAuts
     D:2: 620 daAuts
     D:7: 383 daAuts
  Bailey: 308 daAuts
  Temple: 277 daAuts
